 Dungeon Crawl Stone Soup version 0.26-a0-415-g2a96157 (webtiles) character file.

Game seed: 10013197694780307552

2105 Illumine the Basher (level 9, -1/93 HPs)
             Began as an Ogre Fighter on July 24, 2020.
             Was a Believer of Okawaru.
             Slain by a killer bee (9 damage)
             ... on level 7 of the Dungeon.
             The game lasted 00:18:35 (9280 turns).

Illumine the Basher (Ogre Fighter)                  Turns: 9280, Time: 00:18:35

Health: -1/93      AC:  4    Str: 25    XL:     9   Next: 28%
Magic:  10/10      EV: 11    Int:  9    God:    Okawaru [**....]
Gold:   297        SH:  0    Dex:  8    Spells: 8/8 levels left

rFire    . . .     SeeInvis .   a - +0 lajatang
rCold    . . .     Faith    .   (shield currently unavailable)
rNeg     . . .     Spirit   .   p - +0 robe
rPois    .         Reflect  .   (helmet restricted)
rElec    .         Harm     .   j - +0 cloak
rCorr    .                      (gloves unavailable)
MR       .....                  (boots unavailable)
Stlth    +.........             (no amulet)
HPRegen  0.25/turn              (no ring)
MPRegen  0.12/turn              (no ring)

@: lethally poisoned (-1 -> -2), berserk cooldown, slowed, lightly drained, very
slow
A: large, unfitting armour, tough skin 1
a: Heroism, Renounce Religion


You were on level 7 of the Dungeon.
You worshipped Okawaru.
Okawaru was pleased with you.
You visited 2 branches of the dungeon, and saw 8 of its levels.
You also visited: Sewer.

You collected 297 gold pieces.

Inventory:

Hand Weapons
 a - a +0 lajatang (weapon)
 b - a +0 hunting sling
 x - a +1 flail
Missiles
 i - 176 stones (quivered)
 m - 34 sling bullets
 t - 2 throwing nets
Armour
 c - a +0 kite shield
 j - a +0 cloak (worn)
 p - a +0 robe (worn)
Wands
 y - a wand of paralysis (21)
Scrolls
 d - a scroll of magic mapping {unknown}
 f - a scroll of enchant weapon
 g - 5 scrolls of teleportation
 q - 2 scrolls of random uselessness {unknown}
 u - a scroll of blinking {unknown}
 w - 3 scrolls of remove curse
 z - a scroll of immolation {unknown}
 A - a scroll of enchant armour {unknown}
Potions
 h - a potion of might
 n - a potion of invisibility
 r - a potion of mutation
 s - a potion of ambrosia
 v - a potion of haste
 B - a potion of flight {unknown}


   Skills:
 + Level 7.2(7.0) Fighting
 * Level 8.3(8.1) Maces & Flails
 + Level 4.7(4.5) Throwing
 + Level 4.3(4.2) Dodging
 - Level 2.6(2.5) Shields
 + Level 2.2(2.0) Invocations


You had 8 spell levels left.
You didn't know any spells.
Your spell library contained the following spells:

 Spells                   Type           Power        Failure   Level
 Magic Dart               Conj           #...         38%         1
 Searing Ray              Conj           #.....       52%         2
 Dazzling Flash           Conj/Hex       #.....       77%         3
 Fulminant Prism          Conj/Hex       #.........   99%         4
 Iskenderun's Mystic Bla  Conj/Tloc      #.......     99%         4


Dungeon Overview and Level Annotations

Branches:
Dungeon (7/15)             Temple (1/1) D:5           Sewer (visited)

Altars:
Dithmenos
Gozag
Hepliaklqana
Okawaru
Qazlal
Trog
Zin

Annotations:
D:7 Menkaure


Innate Abilities, Weirdness & Mutations

You are too large for most types of armour.
You have tough skin. (AC +1)


Message History

The killer bee barely misses you.
You miss the killer bee.
The killer bee is heavily wounded.
You are no longer berserk.
You are exhausted.
You feel yourself slow down.
You feel sick. The killer bee closely misses you.
You feel much better.
You feel sick. The killer bee stings you. The killer bee misses you.
Menkaure calls on the powers of darkness!
The killer bee convulses!
Your body is wracked with pain!
* * * LOW HITPOINT WARNING * * *
The killer bee barely misses you.
Unknown command.
Okay, then.
You miss the killer bee.
The killer bee is severely wounded.
You feel sick. The killer bee stings you!
* * * LOW HITPOINT WARNING * * *
The killer bee stings you!
You die...

... ########... #.## #...
######..# #...
#.....#.##############...
+.....'..................
#.....#.####.#########...
#.....#.M##.....# ####
#.....##y##..†..#
#.....##@##.....#
#.....##.##.....#
#.....##.##.....#
#.....##..#.....#
#########.#.....#
#..#.#### ##### ##.#.#
#.... #...# #...[ ##..#
#....


You could see Menkaure (fast) and a killer bee.

Vanquished Creatures
  Grinder (D:6)
  Purgy (Sewer)
  2 ice beasts
  An orc warrior (D:6)
  A black bear (D:6)
  A centaur (D:6)
  2 bullfrogs (D:6)
  A scorpion (D:6)
  4 killer bees (D:7)
  A wight (D:6)
  A howler monkey (D:5)
  A jelly (D:5)
  5 hounds
  2 orc priests (D:6)
  A gnoll shaman (D:4)
  A bullfrog skeleton (D:5)
  4 orc wizards
  A centaur skeleton (D:4)
  2 iguanas
  5 worker ants
  3 hound zombies
  A hound skeleton (D:4)
  4 gnolls
  11 adders
  3 white imps
  4 ufetubi (D:5)
  An adder skeleton (D:6)
  A worm (D:4)
  3 dart slugs
  6 leopard geckos
  21 orcs
  7 giant cockroaches
  5 goblins
  10 hobgoblins
  2 jackals (D:2)
  13 kobolds
  2 quokkas
  2 ball pythons
  9 bats
  7 frilled lizards
  A leopard gecko zombie (D:5)
  7 rats
161 creatures vanquished.

Notes
Turn   | Place    | Note
-------+----------+-------------------------------------------
     0 | D:1      | Illumine the Ogre Fighter began the quest for the Orb.
     0 | D:1      | Reached XP level 1. HP: 24/24 MP: 1/1
   131 | D:1      | You fall into a shaft and drop 1 floor!
   253 | D:2      | Reached skill level 2 in Maces & Flails
   272 | D:2      | Reached XP level 2. HP: 23/32 MP: 2/2
   567 | D:1      | Reached XP level 3. HP: 39/40 MP: 3/3
  2056 | D:3      | Reached skill level 3 in Maces & Flails
  2056 | D:3      | Reached XP level 4. HP: 46/49 MP: 4/4
  2405 | D:3      | Reached XP level 5. HP: 34/55 MP: 5/5
  2505 | D:3      | Found a glowing drain.
  2510 | D:3      | Reached skill level 4 in Maces & Flails
  2519 | Sewer    | Entered a sewer
  2658 | Sewer    | Noticed Purgy
  2673 | Sewer    | Killed Purgy
  2673 | Sewer    | Reached skill level 5 in Maces & Flails
  2673 | Sewer    | Reached XP level 6. HP: 26/63 MP: 6/6
  3531 | D:4      | Reached skill level 1 in Throwing
  4702 | D:4      | Reached XP level 7. HP: 31/71 MP: 7/7
  4714 | D:4      | Reached skill level 6 in Maces & Flails
  5456 | D:5      | Entered Level 5 of the Dungeon
  5785 | D:5      | Found a staircase to the Ecumenical Temple.
  5825 | D:5      | Reached skill level 5 in Fighting
  5860 | Temple   | Entered the Ecumenical Temple
  6080 | Temple   | Became a worshipper of Warmaster Okawaru
  7019 | D:5      | Reached XP level 8. HP: 50/81 MP: 8/8
  7162 | D:6      | Reached skill level 7 in Maces & Flails
  7304 | D:6      | Reached * piety under Okawaru
  7805 | D:6      | Noticed Grinder
  7809 | D:6      | Paralysed by Grinder for 2 turns
  7811 | D:6      | Killed Grinder
  8131 | D:6      | Reached skill level 1 in Invocations
  8236 | D:6      | Reached skill level 8 in Maces & Flails
  8236 | D:6      | Reached XP level 9. HP: 60/92 MP: 6/10
  8476 | D:6      | Reached ** piety under Okawaru
  9229 | D:7      | Noticed Menkaure
  9280 | D:7      | Slain by a killer bee

Illustrated notes

Levels and vault maps discovered:
D:1:      mrwooster_arrival_statue, layout_loops_corners
D:2:      layout_rooms
D:3:      layout_basic, portal_sewer_entry_d, chequers_serial_rivers_room_b
D:4:      minmay_recursive_quarters, layout_layer_cave, lemuel_old_faithful
D:5:      layout_basic, minmay_temple_entry_glass
D:6:      layout_loops_ring, kennysheep_small_circle, uniq_grinder
D:7:      layout_basic, uniq_menkaure, uniq_duvessa
Temple:   nicolae_temple_the_god_donut

Skill      XL: |  1  2  3  4  5  6  7  8  9 |
---------------+----------------------------+-----
Maces & Flails | 2 3 5 6 8 |  8.3
Dodging        | 3 4 |  4.3
Throwing       | 1 3 4 |  4.7
Fighting       | 5 6 7 |  7.2
Invocations    | 1 2 |  2.2
Shields        | |  2.6

Action                   |  1- 3 |  4- 6 |  7- 9 || total
-------------------------+-------+-------+-------++-------
Melee: Flail             |   107 |   157 |       ||   264
       Lajatang          |       |    23 |   291 ||   314
 Fire: Hunting sling     |       |    43 |    73 ||   116
Throw: Stone             |    10 |    10 |       ||    20
Invok: Heroism           |       |       |     4 ||     4
  Use: Scroll            |     4 |       |     8 ||    12
       Potion            |     1 |     2 |     4 ||     7
Armor: Robe              |    25 |    80 |    76 ||   181
       Skin              |       |       |    33 ||    33
Dodge: Dodged            |    40 |    87 |   186 ||   313
Block: Kite shield       |    55 |   109 |       ||   164

Table legend: (Time is in decaauts)
 A = Elapsed time spent in this place.
 B = Non-inter-level travel time spent in this place.
 C = Inter-level travel time spent in this place.
 D = Time resting spent in this place.
 E = Time spent auto-exploring this place.
 F = Levels seen in this place.
 G = Mean time per level.
                   A        B        C        D        E       F      G
               +--------+--------+--------+--------+--------+-----+--------+
         Total |   9411 |   9031 |    380 |   3211 |   3853 |   9 | 1045.7 |
       Dungeon |   8790 |   8418 |    372 |   3014 |   3585 |   7 | 1255.7 |
        Temple |    229 |    221 |      8 |      0 |    216 |   1 |  229.0 |
         Sewer |    391 |    391 |      0 |    197 |     52 |   1 |  391.0 |
               +--------+--------+--------+--------+--------+-----+--------+

Top non-repeatable levels by time:
     D:4: 2490 daAuts
     D:6: 1909 daAuts
     D:1: 1222 daAuts
     D:3: 1157 daAuts
     D:5: 1037 daAuts
     D:2: 735 daAuts
   Sewer: 391 daAuts
     D:7: 237 daAuts
  Temple: 229 daAuts
